 Dungeon Crawl Stone Soup version 0.29.1-15-g9cfb28693d (webtiles) character file.

Game seed: 14162811709760674840

593 Smoke131 the Firebug (level 7, 50/50 HPs)
             Began as a White Draconian Fire Elementalist on Feb 25, 2023.
             Quit the game on level 5 of the Dungeon.
             The game lasted 00:14:18 (5216 turns).

Smoke131 the Firebug (DrFE)                         Turns: 5216, Time: 00:14:19

Health: 50/50      AC: 11    Str: 10    XL:     7   Next: 16%
Magic:  13/13      EV: 13    Int: 18    God:
Gold:   309        SH:  0    Dex: 11    Spells: 8/14 levels left

rFire   . . .      SeeInvis .   f - +2 spear (venom)
rCold   + . .      Faith    .   (no shield)
rNeg    . . .      Spirit   .   (body armour unavailable)
rPois   .          Reflect  .   (helmet restricted)
rElec   .          Harm     .   (no cloak)
rCorr   .          Rampage  .   c - +0 pair of gloves
Will    .....                   (no boots)
Stlth   ++........              (no amulet)
HPRegen 0.16/turn               n - ring of flight
MPRegen 0.13/turn               o - +4 ring of protection

@: flying
A: breathe frost, AC +6, unfitting armour, cold resistance 1, cold-blooded
a: Breathe Frost


You were on level 5 of the Dungeon.
You visited 2 branches of the dungeon, and saw 6 of its levels.

You collected 309 gold pieces.

Inventory:

Hand Weapons
 f - a +2 spear of venom (weapon)
 s - a +2 vampiric trident
Armour
 c - a +0 pair of gloves (worn)
Jewellery
 n - a ring of flight (left hand)
 o - a +4 ring of protection (right hand)
 p - a ring of see invisible
Wands
 l - a wand of iceblast (14)
Scrolls
 a - a scroll of magic mapping
 b - 2 scrolls of blinking
 d - 5 scrolls of teleportation
 e - a scroll of immolation
 i - 2 scrolls of poison
 m - a scroll of enchant armour
 q - a scroll of identify {unknown}
Potions
 g - 2 potions of curing
 h - a potion of heal wounds {unknown}
 j - 2 potions of might {unknown}
 k - a potion of degeneration {unknown}
 r - a potion of mutation {unknown}


   Skills:
 + Level 3.8 Dodging
 - Level 1.7 Stealth
 + Level 4.0 Spellcasting
 + Level 3.8 Conjurations
 + Level 4.0 Fire Magic


You had 8 spell levels left.
You knew the following spells:

 Your Spells              Type           Power      Damage    Failure   Level
a - Foxfire               Conj/Fire      68%        2x1d7     3%          1
b - Scorch                Fire           36%        2d7       4%          2
c - Conjure Flame         Conj/Fire      17%        6-21      9%          3

Your spell library contained the following spells:

 Spells                   Type           Power      Damage    Failure   Level
 Beastly Appendage        Tmut           6%         N/A       14%         1
 Inner Flame              Hex/Fire       10%        N/A       19%         3
 Wereblood                Tmut           3%         N/A       22%         2
 Flame Wave               Conj/Fire      17%        2d7       28%         4
 Gell's Gravitas          Tloc           3%         N/A       41%         3
 Lesser Beckoning         Tloc           3%         N/A       41%         3
 Spider Form              Tmut/Pois      3%         N/A       41%         3
 Teleport Other           Tloc           3%         N/A       41%         3
 Irradiate                Conj/Tmut      5%         3d13      88%         5
 Blade Hands              Tmut           1%         N/A       99%         5
 Dragon Form              Tmut           1%         N/A       100%        7


Dungeon Overview and Level Annotations

Branches:
Dungeon (5/15)             Temple (1/1) D:4

Altars:
Ashenzari
Dithmenos
Elyvilon
Fedhas
Kikubaaqudgha
Makhleb
Nemelex Xobeh
Ru
Sif Muna
Xom
Lugonu


Innate Abilities, Weirdness & Mutations

You can breathe waves of freezing cold which knock back foes.
Your icy white scales are hard. (AC +6)
You cannot fit into any form of body armour.
Your flesh is cold resistant. (rC+)
You are cold-blooded and may be slowed by cold attacks.


Message History

The ice beast is moderately wounded.
The ice beast hits you but does no damage.
You barely miss the ice beast.
The ice beast is moderately wounded.
The ice beast hits you but does no damage.
Casting: Scorch (safe; 3% risk of failure)
Confirm with . or Enter, or press ? or * to list all spells.
Flames lash the ice beast.
The ice beast melts!
The ice beast is severely wounded.
The ice beast hits you but does no damage.
You hit the ice beast.
The ice beast is severely wounded.
The ice beast hits you but does no damage.
You hit the ice beast.
Your tail-slap misses the ice beast.
The ice beast is almost dead.
The ice beast barely misses you.
You hit the ice beast but do no damage.
The ice beast is almost dead.
The ice beast completely misses you. The ice beast misses you.
You barely miss the ice beast.
The ice beast is almost dead.
The ice beast is no longer more vulnerable to fire.
The ice beast hits you. The ice beast freezes you.
You hit the ice beast but do no damage.
The ice beast is almost dead.
The ice beast hits you but does no damage.
You hit the ice beast.
You kill the ice beast!
Your Spellcasting skill increases to level 4!
You have reached level 7!
Your scales start taking on an icy white colour.
You learn Fire Magic much slower.
You learn Ice Magic much quicker.
You can breathe waves of freezing cold which knock back foes.
You feel resistant to cold.
You start resting.
HP restored.
You start resting.
Magic restored.
Unknown command.
Are you sure you want to abandon this character and quit the game? (Confirm with "yes".)

#.## #..# #.# #..#
#..# #.. ##.# #..#
###. #.#
##.[####### .# #.#
#.#........ # #.#
##..####### #.#
##.# #.# #)# #.#
#@# ###.# #.#
###...# #.#
#.....#####.#
####.###.......###
#....# #.........#
#.##.###..######.#
###.##>.....# #.#
....####.##.# #.#


There were no monsters in sight!

Vanquished Creatures
  An ice beast (D:5)
  An ogre (D:5)
  3 hounds
  An orc priest (D:4)
  2 iguanas
  An orc wizard (D:3)
  3 gnolls (D:4)
  10 adders
  3 worms
  2 dart slugs (D:1)
  9 orcs
  5 bats
  6 endoplasms
  4 giant cockroaches
  9 goblins
  8 hobgoblins
  3 jackals (D:1)
  8 kobolds
  3 quokkas
  7 ball pythons
  4 frilled lizards (D:1)
  4 rats
97 creatures vanquished.

Vanquished Creatures (others)
  162 foxfires
  16 plants (D:4)
178 creatures vanquished.

Grand Total: 275 creatures vanquished

Notes
Turn   | Place    | Note
-------+----------+-------------------------------------------
     0 | D:1      | Smoke131 the Draconian Fire Elementalist began the quest
                  | for the Orb.
     0 | D:1      | Reached XP level 1. HP: 14/14 MP: 3/3
   251 | D:1      | Reached XP level 2. HP: 20/20 MP: 0/5
   254 | D:1      | Learned a level 2 spell: Scorch
  1064 | D:1      | Reached XP level 3. HP: 22/26 MP: 6/6
  1076 | D:1      | Found a faded altar of an unknown god.
  2332 | D:2      | Reached XP level 4. HP: 33/33 MP: 3/7
  2747 | D:3      | Reached XP level 5. HP: 38/38 MP: 4/9
  3028 | D:3      | Found a burning altar of Makhleb.
  3028 | D:3      | Noticed a blizzard demon
  3031 | D:3      | Noticed a hellwing
  3031 | D:3      | Noticed a neqoxec
  3095 | D:3      | Found a sparkling altar of Nemelex Xobeh.
  3310 | D:3      | Found a blossoming altar of Fedhas.
  3772 | D:4      | Reached XP level 6. HP: 45/45 MP: 2/11
  3858 | D:4      | Found a white marble altar of Elyvilon.
  4480 | D:4      | Found a staircase to the Ecumenical Temple.
  4516 | Temple   | Entered the Ecumenical Temple
  4821 | D:5      | Entered Level 5 of the Dungeon
  5085 | D:5      | Learned a level 3 spell: Conjure Flame
  5112 | D:5      | Noticed an ice beast
  5131 | D:5      | Killed an ice beast
  5132 | D:5      | Your scales start taking on an icy white colour.
  5132 | D:5      | Reached XP level 7. HP: 43/50 MP: 2/13
  5132 | D:5      | Gained mutation: Your flesh is cold resistant. (rC+) [White
                  | Draconian growth]
  5216 | D:5      | Quit the game

Illustrated notes

Levels and vault maps discovered:
D:1:      dpeg_arrival_lava_altar, layout_rooms,
          hellmonk_ecumenical_altar_lost_god, supply_closet_lemuel
D:2:      layout_basic
D:3:      layout_basic, nemelex_dance_club_becter, makhleb_altar_promises_db,
          fedhas_altar_4, ebering_dispersal_statue_hall
D:4:      layout_rooms, amcnicky_altar_gilded, temple_fountains, serial_bayou,
          serial_bayou_pond_d, serial_bayou_lagoon_b, serial_bayou_pond_d,
          serial_bayou_crossing
D:5:      layout_loops_ring
Temple:   corrupted_temple

Skill      XL: |  1  2  3  4  5  6 |
---------------+-------------------+-----
Dodging        | 2 3 |  3.8
Conjurations   | 2 3 |  3.8
Spellcasting   | 3 4 |  4.0
Fire Magic     | 4 |  4.0
Stealth        | |  1.7

Action                   |  1- 3 |  4- 6 |  7- 9 || total
-------------------------+-------+-------+-------++-------
Melee: Tailslap          |     7 |     3 |       ||    10
       Unarmed           |     4 |       |       ||     4
       Short sword       |    38 |       |       ||    38
       Spear             |    23 |    86 |       ||   109
 Cast: Foxfire           |    57 |    28 |       ||    85
       Scorch            |     1 |    37 |       ||    38
  Use: Potion            |       |     2 |       ||     2
       Scroll            |       |     9 |       ||     9
 Stab: Sleeping          |       |     7 |       ||     7
Armor: Skin              |    27 |    32 |       ||    59
Dodge: Dodged            |    72 |    48 |       ||   120
